Cogmind - Beta 15 @@@ ROGUE MODE // 2025.07.27 @ 10:01:36 Player: shapeshifter Result: Destroyed by G-67 Veteran with Plasma Rifle Performance ------------- Evolutions (6) 3000 Regions Visited (16) 3200 Robots Destroyed (118) 590 Value Destroyed (6637) 6637 Prototype IDs (38) 760 Alien Tech Used (0) 0 Bonus (3481) 3481 TOTAL SCORE: 17668 Bonus ------- High Alert Combat Kills 852 Follower Combat Kills 120 Entered Garrisons 400 Used RIF Installer 1500 Entered DSFs 500 Aligned with FarCom 300 Friendly Fire -191 Cogmind --------- Core Integrity 0/1150 Matter 30/300 Energy 99/100 System Corruption 0% Temperature Cool (0) Movement Core (50) Location -4/Upper Caves Parts ------- > --- POWER (2) -------- (None) > --- PROPULSION (5) --- Treaded Biometal-Gyrokinetic Exoskeleton > --- UTILITY (9) ------ (None) > --- WEAPON (3) ------- (None) > --- INVENTORY (5) ---- Advanced Medium Treads Improved Force Booster Advanced ECM Suite Phase Cannon Peak State ------------ > --- POWER ------------ Cold-Nuclear Reactor > --- PROPULSION ------- Treaded Biometal-Gyrokinetic Exoskeleton Surge Thruster > --- UTILITY ---------- Armored Scrap Engine Advanced Heat Sink Huge Storage Unit Makeshift Salvage Targeting Computer Improved Medium Armor Plating Hacking Suite > --- WEAPON ----------- Thermal Construct/G Electro Construct/C > --- INVENTORY -------- Improved Heat Sink High-capacity Matter Pod Improved Core Shielding Improved Medium Armor Plating Improved Medium Armor Plating Medium Reactive Plating Hacking Suite Relay Coupler [Swarmer] Relay Coupler [Swarmer] Relay Coupler [Brawler] Relay Coupler [Duelist] Relay Coupler [Sentry] Relay Coupler [Hunter] System Guard Shock Rifle Shock Rifle Firepult Antimatter Cannon Grenade Launcher Precision Grenade Launcher Improved Datajack Improved Datajack Remote Datajack Powered Hammer [Rating: 80] Favorites ----------- Power Constructs Engine Improved Ion Engine Power Core Light Nuclear Core Reactor Constructs Propulsion Light Treads Treads Light Treads Leg Aluminum Leg Wheel Compact Wheel Hover Unit Improved Gravmag System Flight Unit Surge Thruster Utility Huge Storage Unit Device Armored Scrap Engine Storage Huge Storage Unit Processor Makeshift Salvage Targeting Computer Hackware Hacking Suite Protection Layered Medium Armor Plating Weapon Constructs Energy Gun Medium Laser Energy Cannon Constructs Ballistic Gun High-powered Shotgun Ballistic Cannon Antimatter Cannon Launcher Grenade Launcher Special Weapon Remote Datajack Build | -11 -10 -10 -10 -9 -8 -8 -8 -8 -6 -6 -5 -5 -5 -5 -4 -4 ------- Run | Yrd Mat Min Exi Min Mat Gar Sto Rec Fac Gar Fac Was Fac DSF Fac Upp Slots Evolved 12 | . . . . . 4 . . . 4 . 2 . . . 2 . Power 1 | . . . . . . . . . . . . . . . 1 . Propulsion 3 | . . . . . 2 . . . 1 . . . . . . . Utility 7 | . . . . . 2 . . . 3 . 1 . . . 1 . Weapon 1 | . . . . . . . . . . . 1 . . . . . Parts Attached 109 | 7 . . . 3 3 22 8 12 21 13 11 1 . . 7 1 Power 11 | 1 . . . 1 1 2 1 2 2 . . . . . 1 . Engine 6 | 1 . . . 1 . 1 . 2 1 . . . . . . . Core 4 | . . . . . 1 1 1 . 1 . . . . . . . Reactor 1 | . . . . . . . . . . . . . . . 1 . Propulsion 31 | 2 . . . 2 . 8 4 6 3 1 2 . . . 2 1 Treads 13 | 2 . . . . . 6 1 1 1 . . . . . 1 1 Leg 8 | . . . . . . 2 2 3 . . 1 . . . . . Wheel 7 | . . . . 2 . . 1 2 1 . 1 . . . . . Hover 2 | . . . . . . . . . 1 . . . . . 1 . Flight 1 | . . . . . . . . . . 1 . . . . . . Utility 49 | 2 . . . . 2 7 . 3 16 8 7 1 . . 3 . Device 16 | 1 . . . . . 3 . 1 6 1 1 1 . . 2 . Storage 3 | 1 . . . . . 1 . . 1 . . . . . . . Processor 4 | . . . . . 1 . . . 3 . . . . . . . Hackware 5 | . . . . . . 1 . . . 1 3 . . . . . Protection 21 | . . . . . 1 2 . 2 6 6 3 . . . 1 . Artifact . | . . . . . . . . . . . . . . . . . Weapon 18 | 2 . . . . . 5 3 1 . 4 2 . . . 1 . Energy Gun 4 | 1 . . . . . 2 . . . 1 . . . . . . Energy Cannon 2 | . . . . . . 1 . . . . . . . . 1 . Ballistic Gun 6 | 1 . . . . . 2 2 1 . . . . . . . . Ballistic Cannon 1 | . . . . . . . . . . 1 . . . . . . Launcher 2 | . . . . . . . 1 . . 1 . . . . . . Special Weapon 3 | . . . . . . . . . . 1 2 . . . . . Impact Weapon . | . . . . . . . . . . . . . . . . . Slashing Weapon . | . . . . . . . . . . . . . . . . . Piercing Weapon . | . . . . . . . . . . . . . . . . . Special Melee Weapon . | . . . . . . . . . . . . . . . . . Unidentified Prototypes 7 | . . . . . . . . 1 1 2 . . . . 3 . Parts Lost 64 | . . . . 1 . 13 3 3 5 14 15 . . 2 6 2 Power 7 | . . . . 1 . 2 . 1 1 1 . . . . 1 . Propulsion 21 | . . . . . . 6 3 . 1 6 2 . . 1 . 2 Utility 24 | . . . . . . 2 . 2 3 4 9 . . 1 3 . Weapon 12 | . . . . . . 3 . . . 3 4 . . . 2 . Highest Loss Streak 6 | . . . . 1 . 3 1 2 2 5 6 . . 2 5 2 To Critical Strikes . | . . . . . . . . . . . . . . . . . Average Backups 17 | 3 4 4 4 6 5 15 21 23 20 23 20 3 4 4 4 4 Power . | . 1 1 1 . . . 1 . . . . . . . . . Propulsion . | 1 2 2 2 2 . . 1 2 . . . . . . . 1 Utility 12 | . . . . 1 3 11 16 17 13 16 17 2 3 2 3 2 Weapon 2 | 1 1 1 1 2 2 1 2 3 4 4 1 1 1 1 . . Tool/Special . | . . . . . . . . . . . . . . . . . Unused Backups 37 | . . . . . . 1 3 7 2 8 8 3 . 1 1 3 Power . | . . . . . . . . . . . . . . . . . Propulsion 2 | . . . . . . . . 1 . . . . . . . 1 Utility 29 | . . . . . . 1 3 4 2 4 8 3 . 1 1 2 Weapon 4 | . . . . . . . . 2 . 2 . . . . . . Tool/Special 2 | . . . . . . . . . . 2 . . . . . . Average Slot Usage (%) 69 | . 100 100 100 100 74 96 87 84 73 57 49 24 29 14 7 12 Engine 3 | . 14 14 14 14 2 5 2 5 3 . . . . . . . Core 1 | . . . . . 6 3 6 1 1 2 . . . . . . Treads 9 | . 28 28 28 24 . 21 17 15 . . . 1 5 5 5 9 Leg 4 | . . . . . . 8 14 3 3 3 3 . . . . . Wheel 3 | . . . . 3 18 3 1 10 7 . . 5 5 1 . . Device 7 | . 14 14 14 14 9 7 . 7 11 8 5 5 5 5 1 . Storage 6 | . 14 14 14 14 9 9 9 9 6 6 4 . . . . . Processor 2 | . . . . . 4 2 . . 6 4 . . . . . . Hackware 6 | . . . . . . 8 9 9 6 7 6 5 5 1 . . Protection 6 | . . . . . 6 8 9 5 7 8 16 5 5 1 . . Energy Gun 3 | . 14 14 14 14 9 7 . 1 2 1 1 . . . . . Energy Cannon 1 | . . . . . . . . . 4 3 . . . . . 2 Ballistic Gun 7 | . 14 14 14 14 9 9 16 16 5 1 2 . . . . . Peak Build Rating 80 | 7 7 7 9 9 19 40 49 49 74 80 73 40 40 40 66 28 Average Rating 41 | 4 7 7 7 9 15 22 32 36 62 66 57 33 40 31 20 24 On Entrance 26 | . 7 7 7 9 9 19 30 32 45 74 50 31 40 40 30 27 Naked Turns . | . . . . . . . . . . . . . . . . . Heaviest Build 124 | 13 13 13 13 13 18 113 122 106 107 123 124 3 3 3 50 8 Greatest Support 138 | 40 40 40 40 40 20 60 60 38 66 138 15 3 3 3 51 30 Greatest Overweight (x) 41 | . . . . 1 . 30 10 10 6 7 41 . . . 2 . Average Overweight (x) 3 | . . . . . . 2 3 7 5 1 10 . . . . . Largest Inventory Capacity 25 | 8 8 8 8 8 8 25 25 25 25 25 25 5 5 5 5 5 Average Capacity 21 | 7 8 8 8 8 8 24 25 25 25 25 24 5 5 5 5 5 Most Carried 25 | 7 4 4 7 8 8 25 25 25 25 25 25 5 5 5 5 5 Average Carried 18 | 3 4 4 4 7 6 16 22 24 21 24 21 4 5 4 4 4 Final Capacity 25 | 8 8 8 8 8 8 25 25 25 25 25 5 5 5 5 5 5 Final Carried 25 | 4 4 4 7 7 7 25 22 24 25 25 5 5 5 5 5 4 Scrap Engine Consumption 184 | . . . . . . . . 46 53 66 . 3 . 9 7 . Constructs Created 10 | . . . . . . . . 3 2 2 . 1 . . 2 . Constructs Modified 63 | . . . . . . . . 14 24 20 1 . . . 4 . Class Distribution -------------------- 29% | Mutant 24% | Scavenger-Mutant 20% | Bothacker-Mutant 18% | Bothacker-Construct 4% | Construct Dominant Class ---------------- Mutant | -10/Materials Mutant | -10/Mines Mutant | -10/Exiles Mutant | -9/Mines Mutant | -8/Materials Scavenger-Mutant | -8/Garrison Scavenger-Mutant | -8/Storage Scavenger-Mutant | -8/Recycling Bothacker-Construct | -6/Factory Bothacker-Construct | -6/Garrison Bothacker-Mutant | -5/Factory Mutant | -5/Waste Mutant | -5/Factory Mutant | -5/DSF Mutant | -4/Factory Mutant | -4/Upper Caves Resources | -11 -10 -10 -10 -9 -8 -8 -8 -8 -6 -6 -5 -5 -5 -5 -4 -4 ----------- Run | Yrd Mat Min Exi Min Mat Gar Sto Rec Fac Gar Fac Was Fac DSF Fac Upp Matter Collected 4366 | 172 . . 101 137 . 504 585 609 864 1058 268 . . . 43 25 Remotely . | . . . . . . . . . . . . . . . . . Salvage Created 5052 | 16 . . . 17 . 955 747 690 822 1325 386 . . . 94 . Parts 244 | 2 . . . . . 47 30 39 52 64 10 . . . . . Haulers Intercepted . | . . . . . . . . . . . . . . . . . Recyclers Shooed 6 | . . . . . . . . 6 . . . . . . . . Parts Field Recycled . | . . . . . . . . . . . . . . . . . Retrieved Matter . | . . . . . . . . . . . . . . . . . Parts Self-Destructed . | . . . . . . . . . . . . . . . . . Prevented . | . . . . . . . . . . . . . . . . . Kills | -11 -10 -10 -10 -9 -8 -8 -8 -8 -6 -6 -5 -5 -5 -5 -4 -4 ------- Run | Yrd Mat Min Exi Min Mat Gar Sto Rec Fac Gar Fac Was Fac DSF Fac Upp Combat Hostiles Destroyed 102 | . . . . 1 . 26 13 6 15 35 5 . . . 1 . Guns 42 | . . . . 1 . 13 7 6 6 7 2 . . . . . Cannons 30 | . . . . . . 4 2 . 6 18 . . . . . . AOE 25 | . . . . . . 8 3 . 3 9 2 . . . . . Classes Destroyed 17 | 1 . . . 1 . 7 4 3 . . 1 . . . . . Worker 1 | . . . . . . . . . . . 1 . . . . . Builder 6 | . . . . . . . 2 . 2 . 1 . . . 1 . Tunneler 1 | 1 . . . . . . . . . . . . . . . . Recycler 4 | . . . . . . . . 4 . . . . . . . . Mechanic 2 | . . . . . . . 1 . . . 1 . . . . . Operator 1 | . . . . . . . 1 . . . . . . . . . Watcher 1 | . . . . . . . 1 . . . . . . . . . Swarmer 16 | . . . . . . 8 . . . 8 . . . . . . Cutter 4 | . . . . . . 2 . . . 2 . . . . . . Grunt 38 | . . . . . . 9 7 . 6 13 3 . . . . . Brawler 1 | . . . . . . 1 . . . . . . . . . . Sentry 23 | . . . . . . 4 6 4 2 7 . . . . . . Hunter 5 | . . . . . . 1 . . 1 2 . . . . 1 . Programmer 12 | . . . . . . 1 . . 6 3 2 . . . . . Scientist 2 | . . . . . . . . 2 . . . . . . . . Scrapper 3 | . . . . . . . . 3 . . . . . . . . Assembled 1 | . . . . 1 . . . . . . . . . . . . Best Kill Streak 5 | 1 . . . 1 . 5 3 5 3 4 3 . . . 2 . Combat Bots Only 5 | . . . . 1 . 5 3 2 3 4 2 . . . 1 . Max Kills in Single Turn 4 | 1 . . . 1 . 4 2 1 2 2 3 . . . 1 . Gunslinging . | . . . . . . . . . . . . . . . . . Exploded 3 | . . . . . . 3 1 . 2 2 1 . . . . . Melee . | . . . . . . . . . . . . . . . . . Uniques/NPCs Destroyed . | . . . . . . . . . . . . . . . . . Combat | -11 -10 -10 -10 -9 -8 -8 -8 -8 -6 -6 -5 -5 -5 -5 -4 -4 -------- Run | Yrd Mat Min Exi Min Mat Gar Sto Rec Fac Gar Fac Was Fac DSF Fac Upp Hostile Shots Fired 1499 | . . 4 . 56 . 138 63 37 137 613 195 1 . 19 154 82 Missed 475 | . . 1 . 16 . 35 15 7 40 219 49 1 . 6 50 36 Hits 1024 | . . 3 . 40 . 103 48 30 97 394 146 . . 13 104 46 Melee 7 | . . . . 2 . 1 . . . 3 1 . . . . . Projectile 1017 | . . 3 . 38 . 102 48 30 97 391 145 . . 13 104 46 AOE 2 | . . . . . . 2 . . . . . . . . . . Critical Strikes 37 | . . . . . . 1 3 3 5 16 8 . . . 1 . Damage Taken 15741 | . . 28 . 571 . 1800 792 538 1273 4998 2969 . . 181 1718 873 Core 2537 | . . . . 143 . 251 33 63 186 405 231 . . 55 846 324 Absorbed by Shields . | . . . . . . . . . . . . . . . . . Redirected to Shielding 101 | . . . . . . . . . . . 87 . . 14 . . Ignored by Resistances 134 | . . . . . . . . . . 134 . . . . . . Regen/Repaired (Parts) 2046 | . . . . . . . . 100 555 1296 55 . . . 40 . Core Remaining (%) 55 | 100 . . . 42 . . . 36 . 30 . . . 71 . . Volleys Fired 545 | 1 . . . 7 . 119 51 46 75 188 40 . . . 18 . Largest 2 | 2 . . . 2 . 2 2 2 2 2 1 . . . 1 . Hottest 250 | 70 . . . 70 . 250 250 87 111 250 250 . . . 250 . Shots Fired 886 | 2 . . . 14 . 216 92 78 145 281 40 . . . 18 . Gun 605 | 2 . . . 14 . 206 82 78 92 107 23 . . . 1 . Cannon 239 | . . . . . . 10 9 . 41 158 4 . . . 17 . Launcher 27 | . . . . . . . 1 . 12 11 3 . . . . . Special 15 | . . . . . . . . . . 5 10 . . . . . Kinetic 516 | 1 . . . 7 . 110 82 78 84 153 1 . . . . . Thermal 238 | 1 . . . 7 . 106 9 . 34 48 27 . . . 6 . Explosive 27 | . . . . . . . 1 . 12 11 3 . . . . . Electromagnetic 91 | . . . . . . . . . 15 64 . . . . 12 . Robot Hit Streak 18 | . . . . 4 . 17 11 8 10 18 9 . . . 1 . Robot Miss Streak 7 | 2 . . . 2 . 4 7 4 2 4 3 . . . 5 . Penetration Max . | . . . . . . . . . . . . . . . . . Secondary Targets 2 | . . . . . . . . . . 2 . . . . . . Max Gunslinging Chain 1 | . . . . . . . . . . 1 . . . . . . Shots Hit Robots 466 | . . . . 9 . 112 49 56 60 147 29 . . . 4 . Core Hits 263 | 1 . . . 2 . 54 43 26 39 73 19 . . . 6 . Critical Kills 2 | . . . . . . . 1 . 1 . . . . . . . Critical Parts Destroyed 2 | . . . . . . 1 . . 1 . . . . . . . Critical Strikes 12 | 1 . . . . . 4 1 . 2 4 . . . . . . Burn 4 | 1 . . . . . 3 . . . . . . . . . . Destroy 4 | . . . . . . 1 1 . 2 . . . . . . . Blast 2 | . . . . . . . . . . 2 . . . . . . Corrupt 2 | . . . . . . . . . . 2 . . . . . . Melee Attacks . | . . . . . . . . . . . . . . . . . Impact . | . . . . . . . . . . . . . . . . . Slashing . | . . . . . . . . . . . . . . . . . Piercing . | . . . . . . . . . . . . . . . . . Sneak Attacks . | . . . . . . . . . . . . . . . . . Combat Hostiles . | . . . . . . . . . . . . . . . . . Follow-up Attacks . | . . . . . . . . . . . . . . . . . Damage Inflicted 12883 | 23 . . . 117 . 1773 1506 1069 1857 5045 1126 . . . 367 . Guns 5642 | 23 . . . 117 . 1152 750 1069 768 1234 529 . . . . . Cannons 4166 | . . . . . . 165 181 . 709 2802 121 . . . 188 . Explosions 3038 | . . . . . . 456 575 . 380 1009 460 . . . 158 . Melee . | . . . . . . . . . . . . . . . . . Ramming 21 | . . . . . . . . . . . . . . . 21 . Kinetic 5640 | 10 . . . 56 . 449 750 1069 867 2439 . . . . . . Thermal 4912 | 13 . . . 61 . 1285 733 . 581 919 1052 . . . 268 . Explosive 1143 | . . . . . . 39 23 . 380 627 74 . . . . . Electromagnetic 1167 | . . . . . . . . . 29 1060 . . . . 78 . Impact . | . . . . . . . . . . . . . . . . . Slashing . | . . . . . . . . . . . . . . . . . Piercing . | . . . . . . . . . . . . . . . . . Highest Corruption 13 | . . . . . . 11 11 11 6 13 2 2 2 2 . . Average Corruption 10 | . . . . . . 10 11 11 3 12 1 2 2 2 . . Corruption Purged . | . . . . . . . . . . . . . . . . . Corruption Blocked . | . . . . . . . . . . . . . . . . . Effects 371 | . . . . . . 76 38 98 34 120 4 . . 1 . . Message Errors 95 | . . . . . . 22 12 25 7 29 . . . . . . Matter Fused 89 | . . . . . . 18 10 24 6 30 . . . 1 . . Heat Flow Errors 44 | . . . . . . 10 9 4 3 17 1 . . . . . Energy Discharges 45 | . . . . . . 8 1 15 11 8 2 . . . . . Parts Rejected 4 | . . . . . . . . 1 . 3 . . . . . . Parts Fused 4 | . . . . . . . . 1 1 2 . . . . . . Data Loss (minor) 36 | . . . . . . 7 2 11 4 12 . . . . . . Data Loss (major) 23 | . . . . . . 2 1 9 . 10 1 . . . . . Misfires 12 | . . . . . . 6 1 4 . 1 . . . . . . Alerts 4 | . . . . . . . 1 1 1 1 . . . . . . Misdirections 2 | . . . . . . . . . . 2 . . . . . . Weapon Failures 13 | . . . . . . 3 1 3 1 5 . . . . . . Overload Shots . | . . . . . . . . . . . . . . . . . Overflow Damage 196 | . . . . . . 6 . . 28 154 3 . . . 5 . Projectiles 88 | . . . . . . . . . 28 57 3 . . . . . Explosions 108 | . . . . . . 6 . . . 97 . . . . 5 . Melee . | . . . . . . . . . . . . . . . . . Knockbacks 15 | . . . . . . . . . 2 13 . . . . . . Impact . | . . . . . . . . . . . . . . . . . Kinetic 13 | . . . . . . . . . 1 12 . . . . . . Secondary 2 | . . . . . . . . . 1 1 . . . . . . Self-Inflicted Damage 634 | . . . . . . 228 30 . 32 135 156 . . . 53 . Shots 47 | . . . . . . 14 5 . 1 10 12 . . . 5 . Rammed 15 | . . . . . . . . . . . . . . . 15 . Targets Rammed 15 | . . . . . . . . . . . . . . . 15 . Kicked . | . . . . . . . . . . . . . . . . . Crushed . | . . . . . . . . . . . . . . . . . Highest Temperature 514 | 9 . . . 36 . 514 473 206 232 310 416 . . . 508 . Average Temperature 103 | 6 . . . 17 . 111 156 55 56 61 104 . . . 264 . Received Heat Transfer 3899 | . . . . . . 576 378 274 267 1402 870 . . 78 . 54 Effects 18 | . . . . . . 5 10 . . . . . . . 3 . Shutdowns 6 | . . . . . . 2 4 . . . . . . . . . Energy Bleed 1 | . . . . . . 1 . . . . . . . . . . Interference 3 | . . . . . . 2 1 . . . . . . . . . Matter Decay 1 | . . . . . . . . . . . . . . . 1 . Short Circuit 4 | . . . . . . . 2 . . . . . . . 2 . Damage (minor) 1 | . . . . . . . 1 . . . . . . . . . Damage (major) 2 | . . . . . . . 2 . . . . . . . . . Siege Activations . | . . . . . . . . . . . . . . . . . Martial Activations . | . . . . . . . . . . . . . . . . . Shielding Activations . | . . . . . . . . . . . . . . . . . Robots Disrupted . | . . . . . . . . . . . . . . . . . Combat Hostiles . | . . . . . . . . . . . . . . . . . Robots Corrupted 1 | . . . . . . . . . . 1 . . . . . . Combat Hostiles 1 | . . . . . . . . . . 1 . . . . . . Parts Fried 10 | . . . . . . . . . . 10 . . . . . . Impact Corruptions . | . . . . . . . . . . . . . . . . . Robots Melted 6 | . . . . . . 1 2 . . . 1 . . . 2 . Combat Hostiles 4 | . . . . . . 1 1 . . . 1 . . . 1 . Parts Melted 53 | . . . . . . 17 11 1 3 . 10 . . . 11 . Heat Transferred 15464 | 111 . . . 185 . 4675 4000 . 815 1267 2934 . . . 1477 . Parts Sabotaged . | . . . . . . . . . . . . . . . . . Parts Stolen . | . . . . . . . . . . . . . . . . . Parts Stripped . | . . . . . . . . . . . . . . . . . Power Chain Reactions 3 | . . . . . . . . . . 3 . . . . . . Alert | -11 -10 -10 -10 -9 -8 -8 -8 -8 -6 -6 -5 -5 -5 -5 -4 -4 ------- Run | Yrd Mat Min Exi Min Mat Gar Sto Rec Fac Gar Fac Was Fac DSF Fac Upp Maximum Alert Level 5 | . . . . . . 5 3 1 . 5 3 1 . . . . Low Security (%) 59 | 100 100 100 . 100 100 21 . 98 100 26 . 68 100 100 100 . Level 1 2 | . . . . . . 3 1 1 . 6 . 31 . . . . Level 2 15 | . . . . . . 28 96 . . 9 39 . . . . . Level 3 12 | . . . . . . 27 1 . . 19 60 . . . . . Level 4 6 | . . . . . . 16 . . . 22 . . . . . . Level 5 3 | . . . . . . 3 . . . 16 . . . . . . High Security . | . . . . . . . . . . . . . . . . . Max Security . | . . . . . . . . . . . . . . . . . Peak Influence 1961 | 5 . 15 . . . 1612 785 214 100 1961 1029 204 121 81 127 . Initial 1029 | . . . . . . . 785 214 100 23 1029 204 121 81 39 . Average 370 | . . 4 . . . 702 529 22 24 847 778 192 117 70 15 . Influence Increases 5680 | 5 . 15 . . . 1762 524 133 627 2078 260 . 5 15 211 45 Destroy 0b10 Robot/C 2040 | . . . . . . 540 260 80 300 700 140 . . . 20 . Destroy 0b10 Robot/NC 95 | 5 . . . . . . 25 25 10 . 25 . . . 5 . Destroy Leader 294 | . . . . . . 20 92 . 110 40 22 . . . 10 . Allied During Kill 12 | . . . . . . 1 . . . . 11 . . . . . Successful Hack 96 | . . . . . . 12 21 27 12 14 . . 5 . 5 . Disable Machine 150 | . . . . . . . 60 . 45 15 30 . . . . . Anti-Garrison Action 2250 | . . . . . . 1100 . . . 1150 . . . . . . Destroy Structure 313 | . . . . . . 59 51 1 35 129 32 . . . 6 . Advance Influence 100 | . . . . . . . . . 100 . . . . . . . Partial Spotted 15 | . . . . . . 15 . . . . . . . . . . Lose Combat Pursuer 315 | . . 15 . . . 15 15 . 15 30 . . . 15 165 45 Influence Decreases 5680 | 5 . 15 . . . 150 1585 684 594 150 1636 411 63 55 287 45 Entered New Map 2612 | . . . . . . . 827 337 . 10 932 381 53 35 37 . Time Decay 2103 | 5 . 15 . . . . 428 327 561 . 474 30 10 . 223 30 Lost Part 565 | . . . . . . 130 30 20 33 140 150 . . 20 27 15 Lost Ally 100 | . . . . . . 20 . . . . 80 . . . . . Purge Threat 300 | . . . . . . . 300 . . . . . . . . . Squads Dispatched 24 | . . . . . . . 5 . 10 . 5 . . . 4 . Investigation 3 | . . . . . . . 1 . 2 . . . . . . . Extermination 12 | . . . . . . . . . 7 . 1 . . . 4 . Reinforcement 5 | . . . . . . . 3 . 1 . 1 . . . . . Assault 3 | . . . . . . . . . . . 3 . . . . . Garrison 1 | . . . . . . . 1 . . . . . . . . . Intercept . | . . . . . . . . . . . . . . . . . Searches Triggered . | . . . . . . . . . . . . . . . . . Construction Impeded 4 | . . . . . . . 3 . . . 1 . . . . . Haulers Reinforced . | . . . . . . . . . . . . . . . . . Active Scanning Responses . | . . . . . . . . . . . . . . . . . Cargo Convoy Interrupts . | . . . . . . . . . . . . . . . . . Stealth | -11 -10 -10 -10 -9 -8 -8 -8 -8 -6 -6 -5 -5 -5 -5 -4 -4 --------- Run | Yrd Mat Min Exi Min Mat Gar Sto Rec Fac Gar Fac Was Fac DSF Fac Upp Distress Signals 4 | . . . . . . . 3 . . . 1 . . . . . Communications Jammed . | . . . . . . . . . . . . . . . . . Distress Signals . | . . . . . . . . . . . . . . . . . Times Spotted 172 | . . 3 . 7 . 25 18 6 15 36 17 5 . 1 23 16 Peak Tracking Total 10 | . . 1 . 4 . 7 4 4 4 5 5 5 . 2 8 10 Tactical Retreats 14 | . . 1 . 2 . 1 1 . 1 2 . . . 1 3 2 Traps | -11 -10 -10 -10 -9 -8 -8 -8 -8 -6 -6 -5 -5 -5 -5 -4 -4 ------- Run | Yrd Mat Min Exi Min Mat Gar Sto Rec Fac Gar Fac Was Fac DSF Fac Upp Traps Triggered 15 | . . . . . . 7 . . 2 4 1 . . . 1 . Indirectly . | . . . . . . . . . . . . . . . . . Trap Hack Attempts . | . . . . . . . . . . . . . . . . . Triggered . | . . . . . . . . . . . . . . . . . Disarmed . | . . . . . . . . . . . . . . . . . Reprogrammed . | . . . . . . . . . . . . . . . . . Reused . | . . . . . . . . . . . . . . . . . Traps Extracted . | . . . . . . . . . . . . . . . . . Installed . | . . . . . . . . . . . . . . . . . Triggered . | . . . . . . . . . . . . . . . . . Machines | -11 -10 -10 -10 -9 -8 -8 -8 -8 -6 -6 -5 -5 -5 -5 -4 -4 ---------- Run | Yrd Mat Min Exi Min Mat Gar Sto Rec Fac Gar Fac Was Fac DSF Fac Upp Machines Disabled 21 | . . . . . . 6 4 1 3 5 2 . . . . . Max in Single Turn 2 | . . . . . . 2 2 1 1 1 2 . . . . . Garrison Relay 8 | . . . . . . 4 . . . 4 . . . . . . Phase Generator 1 | . . . . . . 1 . . . . . . . . . . Machines Repaired . | . . . . . . . . . . . . . . . . . Machines Dismantled . | . . . . . . . . . . . . . . . . . Machines Sabotaged . | . . . . . . . . . . . . . . . . . Overloaded Fab Kills . | . . . . . . . . . . . . . . . . . Hacking | -11 -10 -10 -10 -9 -8 -8 -8 -8 -6 -6 -5 -5 -5 -5 -4 -4 --------- Run | Yrd Mat Min Exi Min Mat Gar Sto Rec Fac Gar Fac Was Fac DSF Fac Upp Machines Accessed 36 | . . . 1 . 2 4 6 11 5 2 . . 1 . 2 2 Terminals 22 | . . . . . 1 4 6 4 2 2 . . 1 . 1 1 Fabricators 2 | . . . . . . . . . 1 . . . . . 1 . Repair Stations . | . . . . . . . . . . . . . . . . . Recycling Units 7 | . . . . . . . . 6 1 . . . . . . . Scanalyzers . | . . . . . . . . . . . . . . . . . Garrison Access 2 | . . . . . 1 . . . 1 . . . . . . . Total Hacks 104 | . . . 1 . 5 12 20 40 11 5 . . 1 . 4 5 Successful 62 | . . . 1 . 1 2 13 32 4 1 . . 1 . 2 5 Failed 42 | . . . . . 4 10 7 8 7 4 . . . . 2 . Catastrophic 7 | . . . . . 1 3 . . 2 . . . . . 1 . Database Lockouts . | . . . . . . . . . . . . . . . . . Manual 38 | . . . 1 . 1 . 20 11 5 . . . . . . . Terminals 66 | . . . . . 1 12 20 17 5 5 . . 1 . 1 4 Fabricators 6 | . . . . . . . . . 3 . . . . . 3 . Repair Stations . | . . . . . . . . . . . . . . . . . Recycling Units 23 | . . . . . . . . 21 2 . . . . . . . Scanalyzers . | . . . . . . . . . . . . . . . . . Garrison Access 5 | . . . . . 4 . . . 1 . . . . . . . Terminal Hacks 32 | . . . 1 . . 2 10 11 . 1 . . 1 . 1 5 Record 4 | . . . . . . . . . . . . . . . . 4 Part Schematic 2 | . . . . . . . . 2 . . . . . . . . Robot Schematic 1 | . . . . . . . 1 . . . . . . . . . Prototype ID Bank 2 | . . . . . . . 1 1 . . . . . . . . Open Door 2 | . . . . . . . 1 . . . . . . . . 1 Open DSF 2 | . . . . . . . . . . . . . 1 . 1 . Level Access Points 1 | . . . . . . . . 1 . . . . . . . . Branch Access Points 1 | . . . . . . . 1 . . . . . . . . . Emergency Access Points 1 | . . . . . . 1 . . . . . . . . . . Terminal Index 1 | . . . . . . . . 1 . . . . . . . . Recycling Unit Index 1 | . . . . . . . . 1 . . . . . . . . Unreport Threat 2 | . . . . . . . 2 . . . . . . . . . Recall Investigation 1 | . . . . . . . 1 . . . . . . . . . Registered Components 2 | . . . . . . . 1 1 . . . . . . . . Zone Layout 4 | . . . . . . . 2 2 . . . . . . . . Garrison Registry 1 | . . . . . . 1 . . . . . . . . . . Security Stations 1 | . . . . . . . . . . 1 . . . . . . Proto ID Catalog 1 | . . . 1 . . . . . . . . . . . . . Release Object 2 | . . . . . . . . 2 . . . . . . . . Fabricator Hacks 3 | . . . . . . . . . 2 . . . . . 1 . Load Schematic 2 | . . . . . . . . . 1 . . . . . 1 . Build 1 | . . . . . . . . . 1 . . . . . . . Repair Station Hacks . | . . . . . . . . . . . . . . . . . Recycling Unit Hacks 17 | . . . . . . . . 17 . . . . . . . . Report Inventory 12 | . . . . . . . . 12 . . . . . . . . Retrieve Components 5 | . . . . . . . . 5 . . . . . . . . Scanalyzer . | . . . . . . . . . . . . . . . . . Garrison Access Hacks 2 | . . . . . 1 . . . 1 . . . . . . . Unlock Access 2 | . . . . . 1 . . . 1 . . . . . . . Unauthorized Hacks 8 | . . . . . . . 3 4 1 . . . . . . . Terminals 8 | . . . . . . . 3 4 1 . . . . . . . Botnet 8 | . . . . . . . 3 4 1 . . . . . . . Fabricators . | . . . . . . . . . . . . . . . . . Repair Stations . | . . . . . . . . . . . . . . . . . Recycling Units . | . . . . . . . . . . . . . . . . . Scanalyzers . | . . . . . . . . . . . . . . . . . Garrison Access . | . . . . . . . . . . . . . . . . . Data Cores Recovered 1 | . . . . . . . 1 . . . . . . . . . Used . | . . . . . . . . . . . . . . . . . Hacking Detections 26 | . . . . . 2 3 5 8 4 2 . . . . 1 1 Full Trace Events 10 | . . . . . 1 3 1 2 1 1 . . . . . 1 Feedback Events . | . . . . . . . . . . . . . . . . . Feedback Blocked . | . . . . . . . . . . . . . . . . . Robot Schematics Acquired 1 | . . . . . . . 1 . . . . . . . . . Robots Built . | . . . . . . . . . . . . . . . . . Authchips . | . . . . . . . . . . . . . . . . . Time 116 | . . . . . . . . . 116 . . . . . . . Total Robot Build Rating . | . . . . . . . . . . . . . . . . . Part Schematics Acquired 2 | . . . . . . . . 2 . . . . . . . . Parts Built . | . . . . . . . . . . . . . . . . . Authchips . | . . . . . . . . . . . . . . . . . Time . | . . . . . . . . . . . . . . . . . Total Part Build Rating . | . . . . . . . . . . . . . . . . . Parts Repaired . | . . . . . . . . . . . . . . . . . Time . | . . . . . . . . . . . . . . . . . Parts Recycled . | . . . . . . . . . . . . . . . . . Recycled Matter . | . . . . . . . . . . . . . . . . . Retrieved Matter . | . . . . . . . . . . . . . . . . . Retrieved Components 21 | . . . . . . . . 21 . . . . . . . . Parts Scanalyzed . | . . . . . . . . . . . . . . . . . Part Schematics Acquired . | . . . . . . . . . . . . . . . . . Parts Damaged . | . . . . . . . . . . . . . . . . . Bothacking | -11 -10 -10 -10 -9 -8 -8 -8 -8 -6 -6 -5 -5 -5 -5 -4 -4 ------------ Run | Yrd Mat Min Exi Min Mat Gar Sto Rec Fac Gar Fac Was Fac DSF Fac Upp Used RIF Installer 3 | . . . . . . 1 . . . 2 . . . . . . Hotswap 1 | . . . . . . . . . . 1 . . . . . . Patrol Navigation 1 | . . . . . . . . . . 1 . . . . . . Robots Hacked 10 | . . . . . . . . . . 3 7 . . . . . Non-combat 1 | . . . . . . . . . . . 1 . . . . . Combat 9 | . . . . . . . . . . 3 6 . . . . . Robot Hacks Applied 10 | . . . . . . . . . . 3 7 . . . . . parse_system 2 | . . . . . . . . . . . 2 . . . . . overload_power 1 | . . . . . . . . . . 1 . . . . . . amplify_resonance 2 | . . . . . . . . . . 2 . . . . . . streamctrl_high 1 | . . . . . . . . . . . 1 . . . . . formatsys_high 4 | . . . . . . . . . . . 4 . . . . . Relay Couplers Released 34 | . . . . . . 19 . . . 15 . . . . . . Machine Destruction 31 | . . . . . . 16 . . . 15 . . . . . . Programmers 3 | . . . . . . 3 . . . . . . . . . . Attached 4 | . . . . . . . . . . 1 3 . . . . . Fabnet Peak Effective % . | . . . . . . . . . . . . . . . . . Robots Rewired . | . . . . . . . . . . . . . . . . . Allies Hacked . | . . . . . . . . . . . . . . . . . Hacks Repelled . | . . . . . . . . . . . . . . . . . Allies | -11 -10 -10 -10 -9 -8 -8 -8 -8 -6 -6 -5 -5 -5 -5 -4 -4 -------- Run | Yrd Mat Min Exi Min Mat Gar Sto Rec Fac Gar Fac Was Fac DSF Fac Upp Total Allies 6 | . . . . . . 1 . . . . 5 . . . . . Largest Group 2 | . . . . . . 1 . . . . 2 . . . . . Highest-Rated Group 60 | . . . . . . 25 . . . . 60 . . . . . Highest-Rated Ally 49 | . . . . . . 25 . . . . 49 . . . . . Total Orders . | . . . . . . . . . . . . . . . . . Ally Attacks 50 | . . . . . . 10 . . . . 40 . . . . . Total Damage 1179 | . . . . . . 308 . . . . 871 . . . . . Kills 5 | . . . . . . 1 . . . . 4 . . . . . Allies Corrupted . | . . . . . . . . . . . . . . . . . Allies Melted 2 | . . . . . . . . . . . 2 . . . . . Intel | -11 -10 -10 -10 -9 -8 -8 -8 -8 -6 -6 -5 -5 -5 -5 -4 -4 ------- Run | Yrd Mat Min Exi Min Mat Gar Sto Rec Fac Gar Fac Was Fac DSF Fac Upp Active Infowar (turns) 1458 | 13 56 47 947 239 79 75 . . 2 . . . . . . . Traps 2 | . . . . . . . . . 2 . . . . . . . Seismic 1456 | 13 56 47 947 239 79 75 . . . . . . . . . . Robot Analysis Total . | . . . . . . . . . . . . . . . . . Derelict Logs Recovered 1 | . . 1 . . . . . . . . . . . . . . Drone Launches . | . . . . . . . . . . . . . . . . . Drone Recoveries . | . . . . . . . . . . . . . . . . . Exploration | -11 -10 -10 -10 -9 -8 -8 -8 -8 -6 -6 -5 -5 -5 -5 -4 -4 ------------- Run | Yrd Mat Min Exi Min Mat Gar Sto Rec Fac Gar Fac Was Fac DSF Fac Upp Turns Passed 17889 | 109 56 47 947 239 79 2797 1042 2812 3525 3039 1215 64 28 40 1725 125 Spaces Moved 7402 | 61 36 30 590 153 85 1023 293 1307 1632 856 120 109 55 62 834 156 Core 1058 | 10 . . . . . 3 . . . . 29 109 55 62 680 110 Treads 2086 | 51 36 30 590 103 . 715 167 . . 194 . . . . 154 46 Legs 584 | . . . . . . . 62 27 . 404 91 . . . . . Wheels 3435 | . . . . 50 85 305 64 1280 1632 19 . . . . . . Hover . | . . . . . . . . . . . . . . . . . Flight 239 | . . . . . . . . . . 239 . . . . . . Fastest Speed 50 | 50 160 160 160 80 80 80 230 130 145 69 50 50 50 50 50 50 Average Speed 188 | 141 160 160 160 138 80 223 277 197 181 236 891 50 50 50 67 78 Slowest Speed 2100 | 160 160 160 160 160 80 1550 560 240 190 776 2100 50 50 50 150 145 Overloaded Moves . | . . . . . . . . . . . . . . . . . Propulsion Burnouts . | . . . . . . . . . . . . . . . . . Robots Hopped . | . . . . . . . . . . . . . . . . . Potential Cave-ins . | . . . . . . . . . . . . . . . . . Cave-ins Triggered . | . . . . . . . . . . . . . . . . . Exploration Rate (%) 38 | 4 10 11 91 40 9 78 40 99 19 78 3 71 3 68 10 20 Regions Visited 16 Branch Regions 6 Pre-discovered Areas 1 | . . 1 . . . . . . . . . . . . . . Known Exits Taken 5 | . . . . . 1 . 1 1 1 . . . 1 . . . Unknown Exits Taken 6 | 1 1 1 1 1 . . . . . . . . . . 1 . Scrap Searched 1 | . . . . 1 . . . . . . . . . . . . Spaces Dug 29 | . . . . . . . 6 . 20 3 . . . . . . Terrain Destroyed 247 | . . . . . . 71 56 . 36 69 13 . . . 2 . Melee . | . . . . . . . . . . . . . . . . . Projectile 59 | . . . . . . . 4 . 33 17 3 . . . 2 . AOE 188 | . . . . . . 71 52 . 3 52 10 . . . . . Terrain Rammed . | . . . . . . . . . . . . . . . . . Walls Destroyed . | . . . . . . . . . . . . . . . . . Machines Disabled . | . . . . . . . . . . . . . . . . . Actions | -11 -10 -10 -10 -9 -8 -8 -8 -8 -6 -6 -5 -5 -5 -5 -4 -4 --------- Run | Yrd Mat Min Exi Min Mat Gar Sto Rec Fac Gar Fac Was Fac DSF Fac Upp Total 10570 | 82 35 29 593 164 96 1346 451 1478 2072 1612 233 119 54 71 1975 160 Wait 2135 | 3 . . . . . 97 49 61 299 502 44 3 . 5 1072 . Move 7389 | 60 35 29 589 152 85 1022 292 1306 1632 855 120 108 54 61 833 156 Hop . | . . . . . . . . . . . . . . . . . Pick Up 141 | 11 . . 2 1 5 35 9 22 20 21 2 3 . 2 7 1 Fast Attach 16 | . . . . . . 1 . 4 5 1 1 1 . . 3 . Attach 118 | 7 . . . 1 2 30 22 6 13 14 17 . . . 5 1 Detach 45 | . . . . . . 15 14 . 2 6 6 . . . 2 . Swap 35 | . . . . 3 1 6 4 6 8 5 2 . . . . . Drop 91 | . . . . . 3 3 10 27 18 15 1 4 . 3 5 2 Fire 545 | 1 . . . 7 . 119 51 46 75 188 40 . . . 18 . Melee . | . . . . . . . . . . . . . . . . . Ram . | . . . . . . . . . . . . . . . . . Kick . | . . . . . . . . . . . . . . . . . Crush 15 | . . . . . . . . . . . . . . . 15 . Escape Stasis 38 | . . . . . . 18 . . . 5 . . . . 15 . Rewire 2 | . . . 2 . . . . . . . . . . . . . Trap . | . . . . . . . . . . . . . . . . . Miscellaneous . | . . . . . . . . . . . . . . . . . Route ------- -11/Scrapyard -10/Materials -10/Mines -10/Exiles -9/Mines -8/Materials -8/Garrison (discovered 3 exits: *Sto x3) -8/Storage -8/Recycling -6/Factory (discovered 2 exits: [*Low] / Gar) -6/Garrison (discovered 3 exits: [*Fac x3]) -5/Factory -5/Waste -5/Factory -5/DSF -4/Factory -4/Upper Caves History --------- Turn | Location | Event 5 | -11/Scrapyard | Discovered new exit (range 16) 110 | -11/Scrapyard | Entered Materials 110 | -10/Materials | Discovered new exit (range 7) 166 | -10/Materials | Entered Mines 184 | -10/Mines | Learned location of Mines (-9) 206 | -10/Mines | Deemed a non-threat by the Exiles lab entrance 206 | -10/Mines | Discovered new exit (range 5) 213 | -10/Mines | Entered Exiles 260 | -10/Exiles | Met 8R-AWN 285 | -10/Exiles | Met EX-HEX 308 | -10/Exiles | Build established: Mutant 365 | -10/Exiles | Met EX-DEC 397 | -10/Exiles | Visited The Gauntlet 775 | -10/Exiles | Met EX-BIN 795 | -10/Exiles | Aligned with FarCom system 796 | -10/Exiles | Given EX-Vault access code 868 | -10/Exiles | Opened EX-Vault 883 | -10/Exiles | Found Firepult 916 | -10/Exiles | Warned to stay clear of 0b10 Research branches 934 | -10/Exiles | Exiles lab attacked by MAIN.C 1078 | -10/Exiles | Discovered new exit (range 11) 1160 | -10/Exiles | Left Exiles lab with Firepult 1160 | -10/Exiles | Entered Mines 1169 | -9/Mines | Met a Derelict bent on vengeance 1195 | -9/Mines | Assembled infested the area 1200 | -9/Mines | Assisted by a Guerilla fighting off Assembled 1373 | -9/Mines | Core integrity fell below 50% 1391 | -9/Mines | Discovered new exit (range 7) 1399 | -9/Mines | Entered Materials 1399 | -8/Materials | Evolved 4 slots: Propulsion x2, Utility x2 1478 | -8/Materials | Identified exit to Garrison 1478 | -8/Materials | Entered Garrison 1526 | -8/Garrison | Triggered checkpoint 2084 | -8/Garrison | Triggered checkpoint 2137 | -8/Garrison | Triggered checkpoint 2167 | -8/Garrison | System corruption reached 10% 2197 | -8/Garrison | Lost 3 parts (3n) 2256 | -8/Garrison | Build established: Scavenger-Mutant 2476 | -8/Garrison | Triggered checkpoint 2543 | -8/Garrison | Installed Relay Interface Framework 2722 | -8/Garrison | Rescued a captive Derelict 2730 | -8/Garrison | Discovered new exit (range 3) 2966 | -8/Garrison | Garrison Relay disabled 3258 | -8/Garrison | Garrison Relay disabled 3355 | -8/Garrison | Garrison Relay disabled 3431 | -8/Garrison | Discovered new exit (range 14) 3597 | -8/Garrison | Discovered new exit (range 37) 3597 | -8/Garrison | Discovered new exit (range 67) 3597 | -8/Garrison | Discovered new exit (range 21) 3740 | -8/Garrison | Phase Generator disabled 4043 | -8/Garrison | Garrison Relay disabled 4275 | -8/Garrison | Entered Storage 4530 | -8/Storage | Identified exit to Recycling 4657 | -8/Storage | Garrison activated, responded to threat 5106 | -8/Storage | Core integrity fell below 50% 5308 | -8/Storage | Used back door to open Recycling access 5317 | -8/Storage | Entered Recycling 5582 | -8/Recycling | Identified exit to Factory 5646 | -8/Recycling | Build established: Mutant 6101 | -8/Recycling | Build established: Scavenger-Mutant 6695 | -8/Recycling | Scanned before Scraplab entrance 6727 | -8/Recycling | Entered Scraplab 6745 | -8/Recycling | Discovered new exit (range 3) 6795 | -8/Recycling | Angered Scraplab inhabitants 6874 | -8/Recycling | Found Prototype Device 6941 | -8/Recycling | Identified Scrap Engine 7212 | -8/Recycling | Build established: Mutant 7592 | -8/Recycling | Build established: Construct 8129 | -8/Recycling | Entered Factory 8129 | -6/Factory | Evolved 4 slots: Propulsion x1, Utility x3 8795 | -6/Factory | Build established: Scavenger-Construct 9245 | -6/Factory | Build established: Bothacker-Construct 9897 | -6/Factory | Build established: Bothacker-Mutant 10027 | -6/Factory | Discovered new exit (range 15) 11031 | -6/Factory | Build established: Bothacker-Construct 11654 | -6/Factory | Identified exit to Garrison 11654 | -6/Factory | Entered Garrison 11711 | -6/Garrison | System corruption reached 10% 12420 | -6/Garrison | Triggered checkpoint 12458 | -6/Garrison | Garrison Relay disabled 12552 | -6/Garrison | Triggered checkpoint 12606 | -6/Garrison | Triggered checkpoint 12646 | -6/Garrison | Garrison Relay disabled 12692 | -6/Garrison | Discovered new exit (range 14) 12703 | -6/Garrison | Learned Factory security intel 12746 | -6/Garrison | Core integrity fell below 50% 12917 | -6/Garrison | Triggered checkpoint 13123 | -6/Garrison | Discovered new exit (range 9) 13166 | -6/Garrison | Expanded RIF knowledge: Hotswap 13329 | -6/Garrison | Triggered checkpoint 13363 | -6/Garrison | Garrison Relay disabled 13518 | -6/Garrison | Triggered checkpoint 13635 | -6/Garrison | Build established: Bothacker-Mutant 13766 | -6/Garrison | Lost 5 parts (3n1u1w) 13808 | -6/Garrison | Triggered checkpoint 13922 | -6/Garrison | Expanded RIF knowledge: Patrol Navigation 14234 | -6/Garrison | Garrison Relay disabled 14372 | -6/Garrison | Discovered new exit (range 13) 14693 | -6/Garrison | Entered Factory 14693 | -5/Factory | Evolved 2 slots: Utility x1, Weapon x1 15293 | -5/Factory | First assault squad dispatched 15704 | -5/Factory | Lost 3 parts (2u1w) 15830 | -5/Factory | Lost 3 parts (1n2u) 15908 | -5/Factory | Sucked down chute 15908 | -5/Factory | Entered Waste 15918 | -5/Waste | Spotted C-40 Crusher 15939 | -5/Waste | Lost 6 parts (4u2w) 15943 | -5/Waste | Spotted C-40 Crusher 15947 | -5/Waste | Spotted C-40 Crusher 15948 | -5/Waste | Spotted C-40 Crusher 15949 | -5/Waste | Spotted C-40 Crusher 15956 | -5/Waste | Spotted C-40 Crusher 15964 | -5/Waste | Discovered new exit (range 12) 15972 | -5/Waste | Entered Factory 16000 | -5/Factory | Identified exit to DSF 16000 | -5/Factory | Entered DSF 16017 | -5/DSF | Found Imp. Powered Armor 16021 | -5/DSF | Additional patrols routed to DSF 16033 | -5/DSF | Discovered new exit (range 11) 16040 | -5/DSF | Entered Factory 16040 | -4/Factory | Evolved 2 slots: Power x1, Utility x1 16175 | -4/Factory | Build established: Mutant 16429 | -4/Factory | Core integrity fell below 50% 16433 | -4/Factory | Lost 5 parts (1p2u2w) 17749 | -4/Factory | Discovered new exit (range 12) 17765 | -4/Factory | Entered Upper Caves 17842 | -4/Upper Caves | Core integrity fell below 20% 17876 | -4/Upper Caves | Attracted the attention of an 0b10 checkpoint 17887 | -4/Upper Caves | Attracted the attention of an 0b10 base 17888 | -4/Upper Caves | Learned Research trap positions 17890 | -4/Upper Caves | Destroyed by G-67 Veteran with Plasma Rifle Last Messages --------------- 17884_ Adv. Medium Treads destroyed. 17886_ Penetrated by Slug. 17886_ Slug penetrates Machine. 17886_ Machine disabled. 17886_ G-67 Veteran springs to life. 17887_ Penetrated by Slug. 17887_ G-67 Veteran springs to life. 17888_ Connecting with Outpost Terminal... >>Query(Status Report 231K) REPELLED LIGHT ASSEMBLED INCURSION. >>Query(Status Report 401N) NETWORK OUTAGE FREQUENCY INCREASING. >>Query(Status Report 039X) INTERCEPTED DERELICT INTEL. Data stored: Factory entrances (x4). >>Query(Status Report 981X) INTERCEPTED DERELICT INTEL. Data stored: Research trap records. 17889_ Penetrated by Slug. 17889_ Adv. Medium Treads destroyed. Map ----- +----------------------------------------------------+ | ??????????????????????#!!# ##???????????#????????? | | ??????????????????????#[[# #???????????? ????????? | | ??????????????????????#### #???????????? ###?????? | | ????????????????????????# ##???????????## ##????? | | ???????????????????????## ##??????????# ##???? | | ?????????????????????### #??????????# #???? | | ?????????????????????# ############ #???? | | ?????????????????????# #???? | | ?????????????????????### ######## ##??## | | ???????????????????????## ####???### ##??## | | ????????????????????????# ##?????## # # #??## | | ??????????????????????### #?????## # #??# | | ?????????????????????## ###?# ## #??# | | ?????????????????????# ###?# ##?# | | ?????????????????????## #???# ## ### | | ??????????????????????# #???## #?### ### | | ??????????????????????# ####### ##### #?# | | ??????????????????????# ! # ##??# | | ??????????????????????# # ###### | | ??????????????????????# ####/###### # #### | | ??????????????????????# #" "??# | | ??????????????????????# #" "??# | | ??????????????????????# #" """# ###### | | ??????????????????????# #" + ####### | | ?????????????????###### #" # ## #### | | ?????????????# @; # ### | | ????????????????# # # | | ????????????????# #""T" /s Y | | ????????????????# #"""" " "# #### | | ????????????????# #####""#### ##?? | | ??????????????? ?? ## ### | | ????????????? ?? ### # | | ????????????######## ?? ##?# | | ??????????????????? # ? ###??# | | ?????????????????? # #####????# | | ????????????????? ##?????#??### | | ???????????????? g ? ## #??????## ???# | | ???????????????? g ? ?## #??????## #### #### | | ?????????????????? ?? ??##???????# #??? | | ????????????????????? # ??????????# #??? | | ???????????????????????#?#??????????# ## #??? | | ????????????????????????????????????## ######??? | | ?????????????????????????????????????####????????? | | ?????????????????????????????????????????????????? | | ?????????????????????????????????????????????????? | | ?????????????????????????????????????????????????? | | ?????????????????????????????????????????????????? | | ?????????????????????????????????????????????????? | | ?????????????????????????????????????????????????? | | ?????????????????????????????????????????????????? | +----------------------------------------------------+ Best States ------------- Heat Dissipation 59 Energy Generation 18 Energy Capacity 343 Matter Stores 300 Matter Capacity 300 Sight Range 16 Terrain Scan Density 10 Armor Coverage 675 Resistance: KI 30 Resistance: EM 15 Core Shielding 30 Evasion (%) 61 Core Analysis 6 Recoil Reduction 5 Salvage Targeting 4 Offensive Hacking 10 Relay Coupler Types 1 Relay Coupler Value 25 Item Schematics ----------------- Reflective Plating | -8/Recycling | Hacked Lrn. Missile Launcher | -8/Recycling | Hacked Robot Schematics ------------------ M-28 Smith | -8/Storage | Hacked Fabricated ------------ Nothing Repaired ---------- Nothing Alien Tech Used ----------------- None Achievements -------------- None Challenges ------------ None Game ------ Seed ScanStructuralRefractor Manual? 0 Play Time 02:11:50 Cumulative 58.0 hours Start 2025.07.27 @ 07:46:28 End 2025.07.27 @ 10:01:36 Sessions 1 Manual Loads 0 Difficulty Rogue Special Mode None Game No. 133 Rogue 133 Adventurer 0 Explorer 0 Win Type - Total 1 Types 1/0/0/0/0/0/0/0/0/0 Lore% 41 Gallery% 45 Achievement% 32 Wizard Run 0 Options --------- Layout 1 ASCII 0 Keyboard 0 Movement Mouse Keybinds 0 Fullscreen 1 Font 32/SmallcapsGlow Map View 50x35 Zoom Use 0% Tactical HUD 1 Map Filters NONE Filters NONE Steam 1 RUN: 77f6125f-3971-49b3-8263-ae3b922f38a6